[Event "Asian Amateur-ch Open 2022"]
[Site "Muscat"]
[Date "2022.10.02"]
[Round "5.25"]
[White "Ibnu, Iwan Schani"]
[Black "Al Mamari, Ali Abdullah"]
[Result "1/2-1/2"]
[ECO "A36"]
[WhiteElo "1689"]
[BlackElo "1509"]
[Annotator "NA RC COMBH"]
[PlyCount "83"]
[EventDate "2022.09.29"]
[EventType "swiss"]
[SourceTitle "playchess.com"]
[Source "ChessBase"]
[SourceQuality "1"]
[TimeControl "5400+30"]

1. e4 c5 2. c4 Nc6 3. Nc3 g6 4. g3 Bg7 5. Bg2 e6 6. Nge2 Nge7 7. O-O O-O 8. f4 d6 9. d3 a6 10. Be3 Qc7 11. d4 cxd4 12. Nxd4 Nxd4 13. Bxd4 e5 14. Be3 Qxc4 15. Qxd6 Nc6 16. Nd5 Rd8 17. Qc7 Be6 18. Rfc1 Qe2 19. Bf1 Qxb2 20. Rab1 Qxa2 21. Rxb7 Rac8 22. Qb6 Nd4 23. Bxd4 Bxd5 24. Rxc8 Rxc8 25. Rb8 Qc2 26. exd5 exd4 27. d6 Qf5 28. Bxa6 Rf8 29. Rxf8+ Bxf8 30. Qc6 Qe6 31. Bc4 Qxd6 32. Qxd6 Bxd6 33. Kg2 Kg7 34. Kf3 f5 35. h3 h5 36. g4 fxg4+ 37. hxg4 h4 38. Bf1 g5 39. fxg5 Kg6 40. Ke4 Bc5 41. Kf4 Bd6+ 42. Ke4 1/2-1/2

[Event "Asian Amateur-ch Open 2022"]
[Site "Muscat"]
[Date "2022.10.02"]
[Round "5.27"]
[White "Salem Muhsan Shuaib"]
[Black "Musallam Salim Al Aamri"]
[Result "0-1"]
[ECO "E07"]
[WhiteElo "1227"]
[BlackElo "1680"]
[Annotator "NA RC COMBH"]
[PlyCount "74"]
[EventDate "2022.09.29"]
[EventType "swiss"]
[SourceTitle "playchess.com"]
[Source "ChessBase"]
[SourceQuality "1"]
[TimeControl "5400+30"]

1. d4 d5 2. c4 e6 3. Nf3 Nf6 4. g3 Be7 5. Bg2 O-O 6. O-O c6 7. Nc3 Nbd7 8. Re1 Bb4 9. Bf4 Ne4 10. Rc1 Qa5 11. Qb3 b6 12. a3 Bxc3 13. bxc3 Ba6 14. cxd5 cxd5 15. Qb4 Rac8 16. Qxa5 bxa5 17. Bd2 Nb6 18. Rc2 a4 19. e3 Bd3 20. Rcc1 f6 21. Bf1 Bxf1 22. Kxf1 Nc4 23. Rc2 Nxa3 24. Ra2 Nc4 25. Rc1 a3 26. Be1 Rb8 27. Rcc2 Rb2 28. Nd2 Nexd2+ 29. Bxd2 Rfb8 30. Bc1 Rxa2 31. Rxa2 Rb1 32. Rc2 a2 33. Rxa2 Rxc1+ 34. Kg2 a5 35. Ra4 Rxc3 36. Ra1 Rc2 37. Kf1 Kf7 0-1

[Event "Asian Amateur-ch Open 2022"]
[Site "Muscat"]
[Date "2022.10.02"]
[Round "5.28"]
[White "Al Balushi, Salim"]
[Black "Owlad, Ehsan"]
[Result "0-1"]
[ECO "A00"]
[WhiteElo "1374"]
[BlackElo "1962"]
[Annotator "TA"]
[PlyCount "54"]
[EventDate "2022.09.29"]
[EventType "swiss"]
[SourceTitle "playchess.com"]
[Source "ChessBase"]
[SourceQuality "1"]
[TimeControl "5400+30"]

1. d3 d5 2. c3 e5 3. Qc2 Bd6 4. e4 c6 {[%emt 0:00:25] [#]} 5. a4 $146 ({Predecessor:} 5. Nf3 Nd7 6. Be2 Ngf6 7. O-O O-O 8. Nbd2 Re8 9. Re1 Nf8 10. Nf1 Ng6 11. Ng3 {½-½ (35) Korth,M (1848)-Wittmann,P (1993) Mittelfranken 2019}) 5... Ne7 6. Bg5 {[%emt 0:01:38] A00: Irregular Openings.} O-O 7. Nf3 f5 8. Be2 {[%emt 0:06:33] Black is better.} h6 9. Bh4 {[%emt 0:01:00] [#]} g5 $1 10. Bxg5 hxg5 $19 11. Nxg5 Ng6 12. h4 {[%emt 0:02:02] [#]} Nxh4 $1 13. Rxh4 Qxg5 14. g3 (14. Rh3 f4 15. Rh2) 14... fxe4 {[%emt 0:01:33][%cal Of8f2] Strongly threatening ...Rxf2!} 15. dxe4 (15. Rh5 $142 Qf6 16. dxe4) 15... Bc5 16. Rh2 {[%emt 0:10:30] [#]} Rxf2 $2 17. Rxf2 Qxg3 {[%emt 0:00:11][%mdl 64] Pin. The board is on fire.} 18. Bf1 $2 (18. Bf3 b6 19. exd5) 18... dxe4 $2 (18... Qe3+ 19. Re2 Qg3+ 20. Kd1 $11) (18... Bg4 19. Ra3 Nd7) 19. Qd2 (19. Qb3+ Kh8 20. Qf7 Qe3+ 21. Be2 Qc1+ 22. Bd1 Bxf2+ 23. Qxf2) 19... Kg7 ({Inferior is} 19... Bxf2+ 20. Qxf2 Qf4 21. Nd2 $17) 20. b4 e3 (20... Qxf2+ $2 {too greedy.} 21. Qxf2 Bxf2+ 22. Kxf2 $19) 21. Qe2 exf2+ 22. Kd2 Be7 23. Na3 Bf5 {[%emt 0:00:59] ( -> ...Bg5+)} 24. Nc2 Bg5+ 25. Ne3 Na6 26. Rd1 Rd8+ 27. Kc1 Qxe3+ {[%emt 0:00:36] White did not feel at home in the position after the opening.  Weighted Error Value: White=1.78/Black=0.38} 0-1

[Event "Asian Amateur-ch Open 2022"]
[Site "Muscat"]
[Date "2022.10.02"]
[Round "5.29"]
[White "Al Nofli, Mohammed Saif"]
[Black "Salim Mohammed, Salim Al Amri"]
[Result "0-1"]
[ECO "D11"]
[WhiteElo "1370"]
[BlackElo "1952"]
[Annotator "TA"]
[PlyCount "84"]
[EventDate "2022.09.29"]
[EventType "swiss"]
[SourceTitle "playchess.com"]
[Source "ChessBase"]
[SourceQuality "1"]
[TimeControl "5400+30"]

1. d4 d5 2. c4 c6 3. Nf3 Nf6 4. g3 Bf5 5. Nc3 e6 6. Bg2 Nbd7 7. O-O {[%emt 0:01:31] 7.Qb3 gains popularity.} (7. Nh4 $142) 7... dxc4 $11 {[%emt 0:00:52] D11: Slav Defence: 3 Nf3 sidelines and 3...Nf6 4 e3 Bg4.} 8. Re1 Bb4 9. a3 Bxc3 {[%emt 0:00:23] Black is more active. Black is slightly better.} 10. bxc3 O-O {[%emt 0:00:33] [#]} ({Better is} 10... Be4 $15) 11. Nh4 $146 ({Predecessor:} 11. Nd2 Qa5 12. Bb2 Nb6 13. e4 Bg6 14. a4 Rfe8 15. Qe2 Nfd7 16. Nxc4 Nxc4 17. Qxc4 {½-½ (40) Cukrowski,F (2378)-Buchcar,T (2207) Pardubice 2022}) 11... Be4 12. f3 Bg6 13. Nxg6 hxg6 14. e4 b5 15. Bg5 Qa5 16. Qd2 Nb6 17. f4 Rac8 (17... Na4 $5 ) 18. Bxf6 gxf6 19. d5 $2 {[%emt 0:00:57] Black converts the advantage convincingly.} (19. f5 $11 {and White has nothing to worry.}) 19... cxd5 $19 20. Qd4 (20. f5) 20... Kg7 21. g4 Na4 22. Re3 dxe4 23. g5 Qd8 24. Qxa7 (24. gxf6+ $142 Qxf6 25. Qxf6+ Kxf6 26. Bxe4) 24... f5 25. Rb1 Rc5 26. Bf1 Qd6 27. Qa5 Qxf4 28. Rbe1 Qxg5+ 29. Kh1 Rh8 30. R3e2 Qf4 31. Rg2 Rd5 {[%emt 0:00:04] [#] White must now prevent ...Qh4.} 32. Qa7 Nc5 33. Be2 Qe5 {[%emt 0:00:07] Strongly threatening ...f4.} 34. Qe7 Qf6 (34... Rd7 {[#] leads to mate.} 35. Rxg6+ $3 Kxg6 36. Rg1+) 35. Rxg6+ Qxg6 36. Rg1 Rh6 {[%emt 0:00:15] aiming for ...f4.} 37. Rxg6+ Kxg6 38. Qf8 Nd3 39. Qg8+ Kf6 {[%emt 0:00:02] ( -> ...Nf4)} 40. Qf8 Rg6 41. Qh8+ Ke7 42. Qh7 Nf2# {[%emt 1:32:47] Weighted Error Value: White=1.23/Black=0.45} 0-1

[Event "Asian Amateur-ch Open 2022"]
[Site "Muscat"]
[Date "2022.10.02"]
[Round "5.30"]
[White "Al-qudaimi abdullah"]
[Black "Sharaf, Khaleel"]
[Result "0-1"]
[ECO "D11"]
[WhiteElo "1223"]
[BlackElo "1874"]
[Annotator "NA RC COMBH"]
[PlyCount "36"]
[EventDate "2022.09.29"]
[EventType "swiss"]
[SourceTitle "playchess.com"]
[Source "ChessBase"]
[SourceQuality "1"]
[TimeControl "5400+30"]

1. d4 Nf6 2. Nf3 d5 3. g3 Bf5 4. Bg2 h6 5. O-O e6 6. c4 c6 7. Nc3 Be7 8. Bf4 Nh5 9. Be5 Nd7 10. Nh4 Bxh4 11. gxh4 Nxe5 12. dxe5 Nf4 13. Qd4 Qxh4 14. Qe3 d4 15. Qg3 Nxg2 16. Qxg7 O-O-O 17. Qg3 Rhg8 18. Kxg2 dxc3 0-1

[Event "Asian Amateur-ch Open 2022"]
[Site "Muscat"]
[Date "2022.10.02"]
[Round "5.31"]
[White "Al Yahmadi, Anas"]
[Black "Hayabik, Husain"]
[Result "0-1"]
[ECO "C56"]
[WhiteElo "1365"]
[BlackElo "1828"]
[Annotator "NA RC COMBH"]
[PlyCount "70"]
[EventDate "2022.09.29"]
[EventType "swiss"]
[SourceTitle "playchess.com"]
[Source "ChessBase"]
[SourceQuality "1"]
[TimeControl "5400+30"]

1. e4 e5 2. Nf3 Nc6 3. d4 exd4 4. Bc4 Nf6 5. e5 d5 6. Bb5 Ne4 7. Nxd4 Bd7 8. Nxc6 bxc6 9. Ba4 Nxf2 10. Kxf2 Qh4+ 11. g3 Bc5+ 12. Be3 Bxe3+ 13. Kxe3 Qxa4 14. Nc3 Qa6 15. Re1 Qb6+ 16. Kf3 Qxb2 17. Qd3 Qb4 18. Rab1 Qg4+ 19. Kg2 O-O 20. a3 Bf5 21. Qd2 d4 22. Na2 Be4+ 23. Kg1 Qf3 24. Rxe4 Qxe4 25. Re1 Qd5 26. Nb4 Qc5 27. Qd3 a5 28. Na2 Rfe8 29. Re4 Rad8 30. Kf2 Rxe5 31. Rxe5 Qxe5 32. c3 Qf6+ 33. Kg2 dxc3 34. Qc4 Rd2+ 35. Kh1 Qf3+ 0-1

[Event "Asian Amateur-ch Open 2022"]
[Site "Muscat"]
[Date "2022.10.02"]
[Round "5.32"]
[White "Ali Rashed Alqemzi"]
[Black "Krishanu Sai"]
[Result "0-1"]
[ECO "E12"]
[WhiteElo "1097"]
[BlackElo "1748"]
[Annotator "NA RC COMBH"]
[PlyCount "52"]
[EventDate "2022.09.29"]
[EventType "swiss"]
[SourceTitle "playchess.com"]
[Source "ChessBase"]
[SourceQuality "1"]
[TimeControl "5400+30"]

1. d4 Nf6 2. Nf3 d5 3. c4 e6 4. g3 b6 5. cxd5 exd5 6. Bg2 Bb7 7. O-O Bd6 8. Qc2 O-O 9. Nc3 Na6 10. Nb5 Be7 11. Bf4 c6 12. Nc3 c5 13. a3 Qd7 14. Rfd1 Rfd8 15. Ne5 Qe6 16. dxc5 g5 17. c6 Bc8 18. Nxd5 Nxd5 19. e4 Nxf4 20. gxf4 gxf4 21. Nf3 Nc7 22. Rxd8+ Bxd8 23. Rd1 Ba6 24. Qc1 Qf6 25. e5 Qf5 26. b4 Be2 0-1

[Event "Asian Amateur-ch Open 2022"]
[Site "Muscat"]
[Date "2022.10.02"]
[Round "5.33"]
[White "Al Mamari Mohammed Salim"]
[Black "Alhassan, Meshari"]
[Result "0-1"]
[ECO "B00"]
[WhiteElo "1685"]
[BlackElo "1372"]
[Annotator "NA RC COMBH"]
[PlyCount "114"]
[EventDate "2022.09.29"]
[EventType "swiss"]
[SourceTitle "playchess.com"]
[Source "ChessBase"]
[SourceQuality "1"]
[TimeControl "5400+30"]

1. e4 b6 2. Nf3 Bb7 3. Nc3 Nf6 4. e5 Nd5 5. Nxd5 Bxd5 6. c4 Bb7 7. d4 e6 8. Bd3 c5 9. O-O cxd4 10. Nxd4 Nc6 11. Nf3 Be7 12. a3 f5 13. exf6 Bxf6 14. Qc2 h6 15. Bg6+ Kf8 16. Re1 Ne7 17. Be4 Bxe4 18. Qxe4 Nf5 19. Ne5 Bxe5 20. Qxe5 Qf6 21. Qe4 Kf7 22. Rb1 Nd6 23. Qd3 Qe7 24. Rd1 Nf5 25. Qxd7 Rhd8 26. Qxe7+ Kxe7 27. Rxd8 Rxd8 28. g3 Nd4 29. Kg2 Ne2 30. b3 Nxc1 31. Rxc1 Rd3 32. Rb1 e5 33. Rb2 e4 34. Kf1 Ke6 35. Ke2 Ke5 36. f4+ Kf5 37. Kf2 Kg4 38. h3+ Kxh3 39. Re2 Rf3+ 40. Ke1 e3 41. b4 Rxg3 42. Kd1 Kg4 43. Kc2 Kxf4 44. Kd3 Ke5 45. Rc2 e2+ 46. Kd2 Rg2 47. Rc3 Kd4 48. Rf3 Kxc4 49. Rf7 Kb5 50. Rxa7 h5 51. Ra8 h4 52. Ke1 h3 53. Rh8 h2 54. Kd2 e1=Q+ 55. Kxe1 Rg1+ 56. Kf2 h1=Q 57. Rxh1 Rxh1 0-1

[Event "Asian Amateur-ch Open 2022"]
[Site "Muscat"]
[Date "2022.10.03"]
[Round "6.1"]
[White "Fooladi, Behrooz"]
[Black "Zahmati, Sobhan"]
[Result "0-1"]
[ECO "D31"]
[WhiteElo "1928"]
[BlackElo "1926"]
[Annotator "TA"]
[PlyCount "72"]
[EventDate "2022.09.29"]
[EventType "swiss"]
[SourceTitle "playchess.com"]
[Source "ChessBase"]
[SourceQuality "1"]
[TimeControl "5400+30"]

1. d4 d5 2. c4 e6 3. cxd5 exd5 4. Nc3 a6 5. Nf3 c6 6. Bf4 {[%emt 0:01:04] D31: Queen's Gambit Declined: Semi-Slav without ...Nf6 (+ Marshall Gambit and Noteboom) and Exchange Variation lines without ...Nf6.} Nf6 7. e3 Be7 8. h3 {[%emt 0:00:20] White has an edge.} O-O 9. Bd3 Re8 10. O-O Nbd7 11. Qc2 Nf8 12. Ne5 Ne6 13. Bh2 c5 {[%emt 0:09:20] [#]} 14. dxc5 $146 ({Predecessor:} 14. Ne2 c4 15. Bf5 Nf8 16. Ng3 Bxf5 17. Qxf5 Ng6 18. f4 Bd6 19. Rae1 Qc8 20. Qc2 {0-1 (38) Cayon,O-Costianosky,R (2300) Salta 1992}) 14... Bxc5 (14... Nxc5 15. Nf3 Be6) (14... Nxc5 $11 15. Nf3 Be6) 15. Ne2 ({White should try} 15. Rad1 $16) 15... b5 16. Bf5 {[%emt 0:18:22] And now Bxe6 would win.} Bd6 17. Ng4 Bxh2+ 18. Kxh2 (18. Nxh2 g6 19. Bxe6 fxe6 20. Rac1) 18... Nxg4+ 19. hxg4 g6 20. Bd3 (20. Bxe6 $11 {remains equal.} Bxe6 21. f3) 20... Bd7 21. Kg1 Qg5 22. Nc3 Nc7 ({Black should play} 22... Bc6 $15) 23. Be2 $11 Bxg4 24. Bxg4 Qxg4 25. Rad1 Re5 26. Rd4 Qh5 27. Rfd1 Rae8 28. Qb3 Rg5 29. Nxd5 {[%emt 0:02:22] [#]} Qf3 {[%emt 0:00:21][%csl Gg5][%cal Rf3g2] Inhibits Nf6+.} 30. Nf4 {[%emt 0:05:38] Threatening Rd8.} Ne6 $132 {[%emt 0:00:21][%mdl 2048] Prevents Rd8. Hoping for ...Nxf4. Black has counterplay} 31. Rd7 Rf8 32. Kf1 Qa8 {[%emt 0:00:32][%mdl 8192] [#]} (32... Qg4 $1 $11 {and Black stays safe.} 33. f3 Qg3 34. Rxf7 Rxf7 35. Qxe6 Kg7) 33. Nd5 $1 $18 Nc5 {[%emt 0:00:26] [#]} (33... h5 $142) 34. Qc3 $1 Rxd5 35. R7xd5 Ne6 36. Rc1 $4 Qxd5 {[%emt 0:00:01] Weighted Error Value: White=0.30/Black=0.30} 0-1

[Event "Asian Amateur-ch Open 2022"]
[Site "Muscat"]
[Date "2022.10.03"]
[Round "6.2"]
[White "Mahmoody, M. Sadegh"]
[Black "Thapa, Krishna"]
[Result "1-0"]
[ECO "E90"]
[WhiteElo "1914"]
[BlackElo "1928"]
[Annotator "TA"]
[PlyCount "115"]
[EventDate "2022.09.29"]
[EventType "swiss"]
[SourceTitle "playchess.com"]
[Source "ChessBase"]
[SourceQuality "1"]
[TimeControl "5400+30"]

1. d4 Nf6 2. Nf3 g6 3. c4 c5 4. d5 d6 5. Nc3 Bg7 6. e4 O-O 7. Bd3 Bg4 8. h3 {[%emt 0:02:24] E90: King's Indian: Classical: Early deviations and 6 h3.} Bxf3 9. Qxf3 Nbd7 10. O-O {[%emt 0:00:42] White is slightly better.} Ne5 11. Qd1 Nxd3 12. Qxd3 a6 13. Be3 Qc7 14. f4 Nd7 {[%emt 0:03:27] [#]} (14... b5 $5) 15. Rf2 $146 ({Predecessor:} 15. Rae1 Rab8 16. Rc1 {½-½ (16) Kravchuk,M (1470)-De Winter,E (1804) Reykjavik 2014}) 15... Rab8 16. a4 Qa5 17. Rc2 (17. e5 $5) 17... b5 18. cxb5 axb5 19. Nxb5 Rfc8 (19... Nb6 $1 $11) 20. Bd2 $16 Qa6 21. Ra2 c4 (21... Nb6 $16) 22. Rxc4 $18 Rxc4 23. Qxc4 Rc8 24. Qd3 Nc5 25. Qe2 (25. Qc2 $1 $18) 25... Nb3 $16 26. Qe3 (26. Qd1 $14 Nd4 27. Nc3) 26... Nxd2 (26... Rc2 $1 $11 27. Qxb3 Rxd2) 27. Qxd2 Rc4 {[%emt 0:01:04] [#]} 28. Nc3 ({White should play} 28. b3 $1 $16 Qb6+ 29. Qf2 Qxf2+ 30. Kxf2 (30. Rxf2 Rxe4 31. Rc2 Bf6 $16) 30... Rxe4 31. g3) 28... Qa5 29. Ra3 Qc5+ ({Better is} 29... Bxc3 $14 30. Rxc3 Qxa4) 30. Kh2 g5 (30... Qa5 $16 31. Qc2 Qa7) 31. a5 (31. fxg5 $18 {has better winning chances. aiming for h4.} Qb4 32. Qe2) 31... Bxc3 32. Rxc3 Qxa5 {[%emt 0:00:31][%mdl 4096] Endgame KQR-KQR} 33. f5 (33. fxg5 $16 {Threatens to win with Qc2.} Qb4 34. Qe2 Rxe4 35. Re3 Rxe3 36. Qxe3) 33... h6 (33... f6 $11) 34. h4 (34. Qc2 $16 Rd4 35. f6 exf6 36. Qf2 Rxe4 37. Qxf6) 34... f6 (34... Qb4 {looks sharper.} 35. hxg5 Rxe4 36. gxh6 Rh4+) 35. hxg5 hxg5 36. Qc2 Rd4 {[%emt 0:00:56][%mdl 8192] This move loses the game for Black.} (36... Rxc3 $11 37. Qxc3 Qb5) 37. Rc8+ Kg7 {[%emt 0:00:24] [#] Strongly threatening ...Qe1.} 38. Re8 $1 Qe1 39. Rxe7+ Kh6 40. Qc3 Qxc3 (40... Qh4+ 41. Qh3 Rb4) 41. bxc3 $18 {[%emt 0:00:01] KR-KR} Rc4 42. g4 Rxc3 43. Re6 Re3 44. Rxf6+ Kg7 45. Rxd6 {[%emt 0:00:26] Rg6+ would kill now.} Rxe4 46. Rg6+ {[%emt 0:00:07] White mates.} Kf7 47. Rxg5 Rd4 48. Kg3 Rxd5 49. Rg6 Ra5 50. Kh4 Rb5 51. Kg5 Ra5 52. Rb6 Ra7 53. Rh6 Ra4 54. Rh7+ Kg8 55. Rd7 Rb4 56. f6 Rc4 57. Kf5 Kf8 58. Re7 {[%emt 0:29:54] Weighted Error Value: White=0.34/Black=0.54} 1-0

[Event "Asian Amateur-ch Open 2022"]
[Site "Muscat"]
[Date "2022.10.03"]
[Round "6.3"]
[White "Muhammad Shahzeb"]
[Black "Junaid Sohail"]
[Result "1/2-1/2"]
[ECO "C45"]
[WhiteElo "1992"]
[BlackElo "1981"]
[Annotator "NA RC"]
[PlyCount "171"]
[EventDate "2022.09.29"]
[EventType "swiss"]
[SourceTitle "playchess.com"]
[Source "ChessBase"]
[SourceQuality "1"]
[TimeControl "5400+30"]

1. e4 e5 2. Nf3 Nc6 3. d4 exd4 4. Nxd4 Nf6 5. Nxc6 bxc6 6. e5 Qe7 7. Qe2 Nd5 8. c4 Ba6 9. b3 g6 10. g3 Bg7 11. Bb2 O-O 12. Bg2 Rae8 13. O-O Bxe5 14. Qxe5 Qxe5 15. Bxe5 Rxe5 16. cxd5 Bxf1 17. Kxf1 cxd5 18. Nc3 c6 $1 19. Rd1 Rfe8 20. Bf3 Kf8 21. Na4 Ke7 22. Nc5 Kd6 23. Rc1 (23. b4 $11) 23... Rb8 24. h4 h6 25. Nd3 Ree8 26. h5 g5 27. Bg4 a5 28. Nc5 Re7 29. a4 {[%emt 0:13:41] [#]} (29. Bf5 $11 {is more appropriate.}) 29... d4 (29... Rb6 $1 $17) 30. Bf5 Kd5 $2 ({Black should play} 30... Rb6 $11) 31. Bxd7 (31. Nxd7 $18 Rxb3 32. Nf6+ Ke5 33. Ng8) 31... d3 {[%emt 0:04:11] [#]} 32. Bxc6+ $1 Kxc6 33. Na6+ Kb7 34. Nxb8 Kxb8 35. Rd1 Rd7 36. f3 Kc7 37. Kf2 Kb6 38. Ke3 Kc5 39. Rxd3 Re7+ 40. Kd2 f5 41. Rd8 f4 42. gxf4 gxf4 43. Rf8 (43. Ra8 $18 {and White stays clearly on top.}) 43... Re5 44. Rxf4 Rxh5 45. Kc3 Re5 $2 {[%emt 0:02:36] [#]} (45... Rd5 46. Rf6 Rd6 47. Rf5+ Rd5) 46. Rc4+ $2 (46. Rf6 $1 $18 {is the precise move to win.}) 46... Kd5 47. Kd3 h5 48. Rc8 Ke6 49. f4 Rd5+ 50. Ke4 Rd1 51. Rc6+ Kf7 {[%emt 0:02:19] [#]} 52. Rc5 ({Only move:} 52. Rh6 $1 $18 Rh1 53. Kf5) 52... h4 53. Rxa5 Rb1 54. Rf5+ Kg6 55. Rg5+ Kf6 56. Rh5 Rxb3 57. a5 Ra3 58. Rb5 h3 59. Rb6+ Kg7 60. Rb7+ Kf6 61. Rh7 Kg6 62. Rh8 Ra4+ 63. Kf3 $11 Rxa5 64. Kg4 Ra3 65. f5+ Kf6 66. Rh6+ Ke5 67. Re6+ Kd5 68. Re2 Ra4+ 69. Kg5 Re4 70. Ra2 Re1 71. Kf6 Ke4 72. Rh2 Re3 73. Kg6 Rg3+ 74. Kf6 Kf4 75. Rf2+ Kg4 76. Rh2 Rg2 77. Rh1 h2 78. Ke6 Re2+ 79. Kf6 Kf4 80. Kg6 Rg2+ 81. Kf6 Rb2 82. Rf1+ Kg3 83. Rh1 Kg2 84. Rxh2+ Kxh2 85. Kg7 Rg2+ 86. Kh6 1/2-1/2

[Event "Asian Amateur-ch Open 2022"]
[Site "Muscat"]
[Date "2022.10.03"]
[Round "6.5"]
[White "Dadabaev, Zhanybek"]
[Black "Humaidan Mohamed, Alzaabi"]
[Result "1-0"]
[ECO "B07"]
[WhiteElo "1902"]
[BlackElo "1393"]
[Annotator "TA"]
[PlyCount "37"]
[EventDate "2022.09.29"]
[EventType "swiss"]
[SourceTitle "playchess.com"]
[Source "ChessBase"]
[SourceQuality "1"]
[TimeControl "5400+30"]

1. d4 Nf6 2. Bf4 g6 3. Nc3 d6 4. e4 Bg7 5. Qd2 Nbd7 6. O-O-O {[%emt 0:00:43] White is more active. B07: Pirc Defence: Miscellaneous Systems.} Nh5 7. Bh6 O-O (7... c6 $16 {was called for.}) 8. g4 {[%emt 0:00:50] White is clearly better.} Nhf6 9. f3 {[%emt 0:01:00][%cal Oe4e5] [#]} c5 $146 {[%emt 0:02:16] [#]} (9... Bxh6 $142 10. Qxh6 e5) ({Predecessor:} 9... e5 10. d5 Ne8 11. h4 f6 12. Be3 a6 13. h5 g5 14. h6 Bh8 15. Rh5 Rf7 {1-0 (31) Ocelak,J (2182)-Osiecki,S (2082) Chess.com INT 2022}) 10. dxc5 $1 $18 Nxc5 11. h4 Qb6 12. h5 Nfxe4 13. fxe4 Nxe4 {[%emt 0:00:25] [#]} 14. Qf4 {[%emt 0:15:26] aiming for Bxg7.} Nxc3 15. Bxg7 {[%emt 0:01:58] The board is on fire.} Nxa2+ 16. Kb1 Kxg7 17. Kxa2 Qc6 $2 (17... Qa5+ 18. Kb1 Be6) 18. Rh2 {[%emt 0:02:39] Black must now prevent hxg6.} e5 (18... Kh8 $18 19. Qh6 Rg8 20. hxg6 Rg7 21. gxf7 (21. gxh7 Bxg4 22. Ne2 Qxc2 $11) 21... Bxg4) 19. h6+ {[%emt 0:00:19] Black did not feel at home in the position after the opening.  Weighted Error Value: White=0.11 (very precise) /Black=1.06} 1-0

[Event "Asian Amateur-ch Open 2022"]
[Site "Muscat"]
[Date "2022.10.03"]
[Round "6.6"]
[White "Madhusoodanan, K.R."]
[Black "Bagheri, Majid"]
[Result "1-0"]
[ECO "B07"]
[WhiteElo "1663"]
[BlackElo "1870"]
[Annotator "NA RC COMBH"]
[PlyCount "107"]
[EventDate "2022.09.29"]
[EventType "swiss"]
[SourceTitle "playchess.com"]
[Source "ChessBase"]
[SourceQuality "1"]
[TimeControl "5400+30"]

1. Nf3 g6 2. e4 Bg7 3. Bc4 d6 4. O-O Nf6 5. Nc3 O-O 6. h3 c6 7. Bb3 d5 (7... a5 $11) 8. e5 Nfd7 9. d4 h6 (9... Na6 $14) 10. Re1 e6 {[%emt 0:00:10] [#]} 11. Ne2 $1 c5 12. c3 Nc6 13. Bc2 Re8 14. Bf4 cxd4 15. cxd4 Nf8 (15... Qe7 $16 {might work better.}) 16. Qd2 Kh7 (16... Qa5 $142 17. Bxh6 Qxd2 18. Bxd2 Nd7) 17. Rac1 Qa5 18. Nc3 Bd7 19. h4 Rec8 20. h5 Ne7 (20... Qb4 {keeps fighting.} 21. g3 Na5) 21. g4 Be8 22. Kg2 f5 23. exf6 Bxf6 24. Bxh6 Bf7 25. Rh1 (25. Qf4 $142 Nd7 26. hxg6+ Bxg6 27. Rxe6) 25... Kg8 26. Ne4 dxe4 27. Qxa5 exf3+ 28. Kxf3 Rd8 29. Be3 Rd5 30. Qd2 gxh5 31. Rcg1 h4 32. g5 Bg7 33. Rxh4 Nfg6 34. Re4 Rf8 35. Ke2 Nf5 36. Bb3 Rd6 37. Rc1 Ngh4 38. g6 Bxg6 39. Bxe6+ Rxe6 40. Rxe6 Bh5+ 41. Kd3 Bf7 42. Re4 Bg6 43. Qb4 Rf7 44. Rc8+ Kh7 45. Kc3 a5 46. Qb6 Nf3 47. Rg4 Rf6 48. Qd8 Rf8 49. Qxf8 Bxf8 50. Rxf8 b5 51. b4 a4 52. Rxf5 Bxf5 53. Rf4 Be6 $18 54. Rxf3 1-0

[Event "Asian Amateur-ch Open 2022"]
[Site "Muscat"]
[Date "2022.10.03"]
[Round "6.7"]
[White "Shreyas Seshadri Nallore"]
[Black "Shelke Omkar"]
[Result "1-0"]
[ECO "B40"]
[WhiteElo "1791"]
[BlackElo "1460"]
[Annotator "NA RC COMBH"]
[PlyCount "108"]
[EventDate "2022.09.29"]
[EventType "swiss"]
[SourceTitle "playchess.com"]
[Source "ChessBase"]
[SourceQuality "1"]
[TimeControl "5400+30"]

1. e4 c5 2. Nf3 e6 3. c3 d5 4. exd5 Qxd5 5. Na3 Nc6 6. Bc4 Qd6 7. O-O Nf6 8. d4 a6 9. dxc5 Qxd1 10. Rxd1 Bxc5 11. Nc2 b6 12. Be3 Bxe3 13. Nxe3 Bb7 14. Be2 Ke7 15. Nd2 Rad8 16. Bf3 b5 17. a4 Rd6 18. axb5 axb5 19. Nb3 Rxd1+ 20. Rxd1 Rd8 21. Re1 Kd6 22. c4 bxc4 23. Nxc4+ Kc7 24. Rc1 Kb8 25. Bxc6 Bxc6 26. Nba5 Be8 27. h3 Nd5 28. Rd1 Rc8 29. Rd3 Kc7 30. Rg3 g6 31. Rb3 Rb8 32. Rxb8 Kxb8 33. Nd6 Nc7 34. Nac4 f6 35. Ne4 Nd5 36. Ne3 Bc6 37. Nxd5 exd5 38. Nxf6 d4 39. f3 h6 40. Ng4 h5 41. Ne5 Be8 42. f4 Kc7 43. Nf3 d3 44. Kf2 Kd6 45. Ke3 Bb5 46. Ne5 d2 47. Kxd2 Bf1 48. g3 Bxh3 49. Nxg6 Bd7 50. Ke3 Bc6 51. f5 Be8 52. Kf4 Kd5 53. Ne5 Kd4 54. f6 Kd5 1-0

[Event "Asian Amateur-ch Open 2022"]
[Site "Muscat"]
[Date "2022.10.03"]
[Round "6.8"]
[White "Hamdan Edrees, Alhamed"]
[Black "Sharma Pankaj"]
[Result "1-0"]
[ECO "C00"]
[WhiteElo "1467"]
[BlackElo "1764"]
[Annotator "NA RC COMBH"]
[PlyCount "69"]
[EventDate "2022.09.29"]
[EventType "swiss"]
[SourceTitle "playchess.com"]
[Source "ChessBase"]
[SourceQuality "1"]
[TimeControl "5400+30"]

1. e4 e6 2. d3 d5 3. Nd2 Nf6 4. Ngf3 c5 5. g3 b6 6. Bg2 Bb7 7. e5 Nfd7 8. O-O Nc6 9. Re1 Be7 10. Nf1 g5 11. h3 h5 12. Ne3 Qc7 13. Nxd5 exd5 14. Nxg5 Ncxe5 15. Bf4 Bxg5 16. Bxg5 f6 17. Bh4 O-O-O 18. d4 Ng6 19. dxc5 Qxc5 20. b4 Qd6 21. c4 Nxh4 22. gxh4 Rhg8 23. c5 Qf4 24. c6 Bxc6 25. Rc1 Kb7 26. b5 Bxb5 27. Qxd5+ Ka6 28. a4 Rxg2+ 29. Kxg2 Be2 30. Rc3 Re8 31. Rxe2 Re5 32. Qxd7 Rf5 33. Qd3+ Ka5 34. Rb3 Rc5 35. Rb5+ 1-0

[Event "Asian Amateur-ch Open 2022"]
[Site "Muscat"]
[Date "2022.10.03"]
[Round "6.9"]
[White "UMER S.M"]
[Black "Srivatsan Karthikeyan"]
[Result "0-1"]
[ECO "A46"]
[WhiteElo "1631"]
[BlackElo "1711"]
[Annotator "NA RC COMBH"]
[PlyCount "50"]
[EventDate "2022.09.29"]
[EventType "swiss"]
[SourceTitle "playchess.com"]
[Source "ChessBase"]
[SourceQuality "1"]
[TimeControl "5400+30"]

1. d4 Nf6 2. Nf3 e6 3. Bf4 c5 4. e3 Qb6 5. Na3 d5 6. Nb5 Na6 7. a4 c4 8. c3 Bd7 9. b3 Bxb5 10. axb5 Qxb5 11. bxc4 dxc4 12. Ne5 Rc8 13. Rb1 Qa5 14. Rxb7 Qxc3+ 15. Ke2 Qa5 16. Qb1 Nd5 17. Kf3 Nc3 18. Qb2 Ba3 19. Qxa3 Qxa3 20. Nxc4 Rxc4 21. Bxc4 Qa4 22. Bxa6 Qxa6 23. Rb8+ Ke7 24. Rxh8 Qe2+ 25. Kg3 Ne4+ 0-1